 Dungeon Crawl Stone Soup version 0.29-a0-100-g60f898f876 (webtiles) character file.

Game seed: 7475766446489144583

63688 frimble the Thaumaturge (level 15, -2/115 HPs)
             Began as a Gnoll Ice Elementalist on Feb 14, 2022.
             Was the Champion of Cheibriados.
             Slain by a dire elephant (4 damage)
             ... on level 6 of the Lair of Beasts.
             The game lasted 00:25:49 (21196 turns).

frimble the Thaumaturge (Gnoll Ice Elementalist)   Turns: 21196, Time: 00:25:50

Health: -2/115     AC: 22    Str: 27    XL:     15   Next: 10%
Magic:  14/30      EV: 26    Int: 40    God:    Cheibriados [******]
Gold:   1590       SH:  5    Dex: 27    Spells: 23/36 levels left

rFire   + . .      SeeInvis .   o - +7 flail "Noitec" {drain, Int+4}
rCold   . . .      Faith    .   (no shield)
rNeg    . . .      Spirit   .   B - +3 troll leather armour
rPois   .          Reflect  +   Y - +1 hat {Int+3}
rElec   .          Harm     .   G - +0 cloak
rCorr   .          Rampage  .   (no gloves)
Will    +....                   g - +0 pair of boots
Stlth   +++++.....              m - amulet of reflection
HPRegen 1.09/turn               s - ring of protection from fire
MPRegen 0.22/turn               C - +4 ring of evasion

@: ice-armoured, very slow
A: fangs 1, strong nose, distributed training
a: Renounce Religion, Bend Time, Temporal Distortion, Slouch, Step From Time


You were on level 6 of the Lair of Beasts.
You worshipped Cheibriados.
Cheibriados was exalted by your worship.
You visited 2 branches of the dungeon, and saw 21 of its levels.
You also visited: Volcano.

You collected 1590 gold pieces.

Inventory:

Hand Weapons
 o - the +7 flail "Noitec" (weapon) {drain, Int+4}
   (You found it on level 3 of the Dungeon)

   A truly terrible weapon, it drains the life of any living foe it strikes.
   Int:       It affects your intelligence (+4).
 X - a +1 eveningstar of holy wrath
Missiles
 l - 104 poisoned darts (quivered)
 M - 13 javelins
 U - 4 throwing nets
Armour
 g - a +0 pair of boots (worn)
 B - a +3 troll leather armour (worn)
 G - a +0 cloak (worn)
 Y - a +1 hat of intelligence (worn)
Jewellery
 e - a ring of willpower
 f - a ring of resist corrosion
 m - an amulet of reflection (around neck)
 s - a ring of protection from fire (left hand)
 z - an amulet of the acrobat
 C - a +4 ring of evasion (right hand)
 D - a ring of positive energy
 S - a ring of ice
Wands
 b - a wand of acid (4)
 u - a wand of paralysis (19)
 y - a wand of digging (6)
 L - a wand of iceblast (14)
 T - a wand of charming (5)
 V - a wand of polymorph (8)
 Z - a wand of mindburst (6)
Scrolls
 c - 3 scrolls of brand weapon
 h - a scroll of holy word
 j - 5 scrolls of vulnerability
 p - 12 scrolls of identify
 q - 5 scrolls of teleportation
 v - 10 scrolls of fear
 w - 3 scrolls of amnesia
 x - 6 scrolls of enchant weapon
 I - 2 scrolls of fog
 N - 4 scrolls of blinking
 O - 3 scrolls of magic mapping
Potions
 a - 6 potions of flight
 d - 3 potions of magic
 i - 3 potions of lignification
 k - 4 potions of attraction
 n - 6 potions of haste
 r - 8 potions of curing
 t - 11 potions of mutation
 A - 3 potions of berserk rage
 E - a potion of ambrosia
 F - 5 potions of brilliance
 H - a potion of invisibility
 J - 4 potions of resistance
 K - 3 potions of cancellation
 P - a potion of might
 W - a potion of heal wounds
Miscellaneous
 Q - a phantom mirror
 R - a condenser vane


   Skills:
 + Level 9.8 Fighting
 + Level 9.8 Short Blades
 + Level 9.8 Long Blades
 + Level 9.8 Axes
 + Level 9.8 Maces & Flails
 + Level 9.8 Polearms
 + Level 9.8 Staves
 + Level 9.8 Slings
 + Level 9.8 Bows
 + Level 9.8 Crossbows
 + Level 9.8 Throwing
 + Level 9.8 Armour
 + Level 10.8 Dodging
 + Level 10.7 Stealth
 + Level 9.8 Shields
 + Level 9.8 Unarmed Combat
 + Level 11.0 Spellcasting
 + Level 8.2 Conjurations
 + Level 8.2 Hexes
 + Level 8.2 Summonings
 + Level 8.2 Necromancy
 + Level 8.2 Translocations
 + Level 8.2 Transmutations
 + Level 8.2 Fire Magic
 + Level 10.9 Ice Magic
 + Level 8.2 Air Magic
 + Level 8.2 Earth Magic
 + Level 8.2 Poison Magic
 + Level 10.7 Invocations
 + Level 9.8 Evocations


You had 23 spell levels left.
You knew the following spells:

 Your Spells              Type           Power      Damage    Failure   Level
a - Freeze                Ice            100%       1d11      1%          1
b - Frozen Ramparts       Ice            100%       1d12      1%          3
c - Ozocubu's Armour      Ice            83%        N/A       1%          3
d - Apportation           Tloc           100%       N/A       1%          1
e - Borgnjor's Vile Clut  Necr/Erth      36%        N/A       1%          5

Your spell library contained the following spells:

 Spells                   Type           Power      Damage    Failure   Level
 Animate Skeleton         Necr           100%       N/A       1%          1
 Magic Dart               Conj           100%       1d8       1%          1
 Shock                    Conj/Air       100%       1d9       1%          1
 Sting                    Tmut/Pois      100%       1d8       1%          1
 Summon Small Mammal      Summ           100%       N/A       1%          1
 Static Discharge         Conj/Air       73%        N/A       1%          2
 Portal Projectile        Hex/Tloc       100%       N/A       1%          3
 Tukima's Dance           Hex            73%        N/A       1%          3
 Anguish                  Hex/Necr       36%        N/A       1%          4
 Animate Dead             Necr           36%        N/A       1%          4
 Fulminant Prism          Conj/Hex       36%        3d18      1%          4
 Hailstorm                Conj/Ice       78%        3d16      1%          4
 Iskenderun's Mystic Bla  Conj/Tloc      73%        2d15      1%          4
 Passage of Golubria      Tloc           73%        N/A       1%          4
 Alistair's Intoxication  Tmut/Pois      48%        N/A       1%          5
 Blade Hands              Tmut           36%        N/A       1%          5
 Excruciating Wounds      Necr           36%        N/A       1%          5
 Lee's Rapid Deconstruct  Erth           36%        3d19*     1%          5
 Lightning Bolt           Conj/Air       36%        1d54      1%          5
 Yara's Violent Unravell  Hex/Tmut       36%        3d15      1%          5
 Death Channel            Necr           36%        N/A       10%         6
 Ozocubu's Refrigeration  Ice            41%        4d13      17%         7
 Enfeeble                 Hex            36%        N/A       45%         7
 Maxwell's Capacitive Co  Air            36%        ∞         99%         8


Dungeon Overview and Level Annotations

Branches:
Dungeon (15/15)            Temple (0/1) D:6            Lair (6/6) D:10
  Swamp (0/4) Lair:2        Snake (0/4) Lair:4        Slime (0/5) Lair:5
    Orc (0/2) D:11         Vaults (0/5) D:13        Volcano (visited)
 Depths: D:15

Altars:
Ashenzari
Cheibriados
Elyvilon
Hepliaklqana
Kikubaaqudgha
Nemelex Xobeh
Ru
Sif Muna
Trog
Vehumet
Xom
Yredelemnul
Zin

Shops:
D:1 (   D:14 (

Annotations:
D:3 dig
D:15 1 runed translucent door, Paroid's ghost, journeyman PaFi


Innate Abilities, Weirdness & Mutations

You have very sharp teeth.
Your uncanny sense of smell can sniff out nearby items.
Your experience applies equally to all skills.


Message History

The dire elephant is severely wounded.
The zombie hands constrict the dire elephant.
The dire elephant barely misses you. The dire elephant trunk-slaps you.
The dire elephant tramples you!
* * * LOW HITPOINT WARNING * * *
You hold your ground!
The dire elephant completely misses you.
You hit the dire elephant. You drain the dire elephant.
You punch the dire elephant, but do no damage.
The dire elephant is severely wounded.
The zombie hands constrict the dire elephant!
The dire elephant tramples you!
* * * LOW HITPOINT WARNING * * *
You hold your ground!
The dire elephant misses you. The dire elephant barely misses you.
The dire elephant completely misses you.
Activating: Slouch (1% risk of failure)
Press: ? - help, Dir - look around, f - activate You can feel time thicken for a moment.
The zombie hands constrict the dire elephant!
You kill the dire elephant!
Cheibriados appreciates the change of pace.
You block the dire elephant's attack.
The dire elephant trunk-slaps you but does no damage.
You hit the dire elephant but do no damage.
You drain the dire elephant.
The dire elephant is severely wounded.
You block the dire elephant's attack.
The dire elephant trunk-slaps you but does no damage.
Casting: Borgnjor's Vile Clutch (dangerous; 1% risk of failure)
Confirm with . or Enter, or press ? or * to list all spells.
Aiming: Borgnjor's Vile Clutch (dangerous; 1% risk of failure)
Press: ? - help, Shift-Dir - straight line, f - dire elephant
Aim: a dire elephant (severely wounded, lightly drained, 100% to hit)
Zombie hands grab the dire elephant.
The zombie hands constrict the dire elephant!
The dire elephant tramples you!!
* * * LOW HITPOINT WARNING * * *
You hold your ground!
The dire elephant trunk-slaps you.
You die...

.....#.##....#P..# ##......
.....#######....### #......
...### ###....# ##.P... ...#
##..## ###P.. .#.# #####...# ####
#### ##...#..## ###### ## #
######.##.....###.##.## ###P
####P.P#.#.P...†Y.###...P#####.#.
##.............†@..#.......##....
..P♣########'''########♣...P..P♣#
..## ....... ##P..P♣## ♣##
###8.⌠P ###♣♣# ##8.8 #### 8Y.P ∆∆
+..p?∆ ∆∆


You could see a dire elephant (clutched, drained).

Vanquished Creatures
  Rupert (Lair:3)
  Gastronok (Lair:3)
  A dire elephant (Lair:6)
  A bunyip (shapeshifter) (D:12)
  Snorg (Lair:3)
  Fannar (Lair:3)
  A vault guard (D:13)
  Harold (Lair:2)
  4 boulder beetles
  A catoblepas (Lair:1)
  7 hydras
  7 centaur warriors
  Erica (Lair:2)
  4 two-headed ogres
  A death yak (Lair:6)
  An alligator (shapeshifter) (D:12)
  Urug (Lair:6)
  Sonja (Lair:3)
  Nergalle (D:10)
  2 skeletal warriors (D:14)
  Pikel (D:5)
  4 orc knights
  3 deep elf pyromancers
  3 manticores
  4 ugly things
  5 cyclopes
  19 elephants
  2 black mambas (Lair:6)
  A torpor snail (Lair:4)
  9 cane toads
  3 komodo dragons
  7 rime drakes
  A kobold demonologist (D:11)
  3 trolls
  A queen bee (shapeshifter) (D:14)
  Grinder (D:3)
  6 dream sheep (Lair:3)
  2 slime creatures (D:12)
  4 blink frogs (Lair:5)
  A centaur simulacrum (D:14)
  A shadow (D:9)
  3 wyverns
  A wraith (D:12)
  A vampire (D:14)
  2 fire bats (Volcano)
  11 yaks
  3 vampire mosquitoes (D:12)
  5 basilisks
  2 hell hounds (Volcano)
  5 wargs
  An acid dragon (D:12)
  4 swamp worms (Lair:2)
  14 water moccasins
  An ice beast (D:5)
  5 orc warriors
  2 black bears
  A hornet zombie (D:8)
  2 necrophages (D:8)
  12 wolves
  14 centaurs
  2 lemures (D:5)
  2 phantoms
  19 kobold brigands
  6 bullfrogs
  A scorpion (D:5)
  2 wyvern zombies
  2 water moccasin zombies (D:5)
  23 killer bees
  12 wights
  7 howler monkeys
  An electric eel (Lair:2)
  12 centaur zombies
  A human zombie (D:8)
  2 jellies
  9 orc priests
  A hound (D:6)
  A gnoll shaman (D:9)
  An iguana (D:6)
  11 orc wizards
  A hound zombie (D:5)
  A mummy (D:8)
  8 gnolls
  4 howler monkey zombies
  8 adders
  2 white imps
  3 ufetubi
  3 dart slugs (D:1)
  40 orcs
  7 ball pythons
  5 endoplasms
  A giant cockroach (D:3)
  8 hobgoblins
  11 jackals
  3 quokkas
  6 bats
  6 frilled lizards
  5 goblins
  A jackal skeleton (D:4)
  31 kobolds
  3 rats (D:1)
  A butterfly (Lair:2)
482 creatures vanquished.

Vanquished Creatures (others)
  A golden eye (shapeshifter) (D:13)
  9 fungi
  17 plants
  2 withered plants (Lair:6)
29 creatures vanquished.

Grand Total: 511 creatures vanquished

Notes
Turn   | Place    | Note
-------+----------+-------------------------------------------
     0 | D:1      | frimble the Gnoll Ice Elementalist began the quest for the
                  | Orb.
     0 | D:1      | Reached XP level 1. HP: 13/13 MP: 6/6
   351 | D:1      | Reached XP level 2. HP: 14/19 MP: 3/7
   902 | D:1      | Reached XP level 3. HP: 3/25 MP: 5/9
   904 | D:1      | Reached skill level 5 in Spellcasting
  1242 | D:1      | Found Pihicugi's Antique Weapon Boutique.
  1427 | D:1      | Reached skill level 1 in Invocations
  1443 | D:1      | Learned a level 3 spell: Frozen Ramparts
  1582 | D:1      | Found a faded altar of an unknown god.
  1777 | D:2      | Reached skill level 1 in Fighting
  1777 | D:2      | Reached skill level 1 in Short Blades
  1777 | D:2      | Reached skill level 1 in Long Blades
  1777 | D:2      | Reached skill level 1 in Axes
  1777 | D:2      | Reached skill level 1 in Maces & Flails
  1777 | D:2      | Reached skill level 1 in Polearms
  1777 | D:2      | Reached skill level 1 in Staves
  1777 | D:2      | Reached skill level 1 in Slings
  1777 | D:2      | Reached skill level 1 in Bows
  1777 | D:2      | Reached skill level 1 in Crossbows
  1777 | D:2      | Reached skill level 1 in Throwing
  1777 | D:2      | Reached skill level 1 in Armour
  1777 | D:2      | Reached skill level 1 in Shields
  1777 | D:2      | Reached skill level 1 in Unarmed Combat
  1777 | D:2      | Reached skill level 1 in Evocations
  1831 | D:2      | Reached XP level 4. HP: 26/32 MP: 11/11
  2210 | D:2      | Learned a level 3 spell: Ozocubu's Armour
  2813 | D:2      | Reached skill level 1 in Conjurations
  2813 | D:2      | Reached skill level 1 in Hexes
  2813 | D:2      | Reached skill level 1 in Summonings
  2813 | D:2      | Reached skill level 1 in Necromancy
  2813 | D:2      | Reached skill level 1 in Translocations
  2813 | D:2      | Reached skill level 1 in Transmutations
  2813 | D:2      | Reached skill level 1 in Fire Magic
  2813 | D:2      | Reached skill level 1 in Air Magic
  2813 | D:2      | Reached skill level 1 in Earth Magic
  2813 | D:2      | Reached skill level 1 in Poison Magic
  3201 | D:3      | Identified the +7 flail "Noitec" {drain, Int+4}
  3535 | D:3      | Noticed Grinder
  3557 | D:3      | HP: 2/48 [Grinder (5)]
  3559 | D:3      | Killed Grinder
  3560 | D:3      | Reached skill level 5 in Dodging
  3560 | D:3      | Reached XP level 5. HP: 3/38 MP: 7/12
  3560 | D:3      | Reached XP level 6. HP: 4/44 MP: 8/14
  4072 | D:3      | Found a shimmering blue altar of Sif Muna.
  4332 | D:4      | Found a sacrificial altar of Ru.
  4332 | D:4      | Found a white marble altar of Elyvilon.
  4332 | D:4      | Found a hazy altar of Hepliaklqana.
  4332 | D:4      | Found a radiant altar of Vehumet.
  4390 | D:4      | Found a snail-covered altar of Cheibriados.
  4393 | D:4      | Found a shimmering altar of Xom.
  4492 | D:4      | Became a worshipper of Cheibriados the Contemplative
  4707 | D:4      | Reached XP level 7. HP: 31/50 MP: 15/15
  5012 | D:4      | Found a sparkling altar of Nemelex Xobeh.
  5197 | D:5      | Entered Level 5 of the Dungeon
  5323 | D:5      | Reached skill level 5 in Stealth
  5514 | D:5      | Reached * piety under Cheibriados
  5785 | D:5      | Reached XP level 8. HP: 55/57 MP: 16/16
  6190 | D:5      | Noticed Pikel
  6197 | D:5      | Killed Pikel
  6198 | D:5      | Reached skill level 6 in Spellcasting
  6452 | D:5      | Found a bloodstained altar of Trog.
  6561 | D:6      | Found a staircase to the Ecumenical Temple.
  6760 | D:6      | Found an ancient bone altar of Kikubaaqudgha.
  6784 | D:6      | You fall into a shaft and drop 2 floors!
  6784 | D:8      | Noticed a troll
  6784 | D:8      | Found a broken altar of Ashenzari.
  6794 | D:8      | Killed a troll
  6795 | D:8      | Reached XP level 9. HP: 59/65 MP: 12/18
  6934 | D:8      | Reached ** piety under Cheibriados
  7044 | D:8      | Noticed a two-headed ogre
  7051 | D:8      | Killed a two-headed ogre
  7052 | D:8      | Reached skill level 5 in Invocations
  7150 | D:8      | Found a basalt altar of Yredelemnul.
  7210 | D:8      | Reached skill level 7 in Spellcasting
  7237 | D:8      | Reached *** piety under Cheibriados
  7238 | D:8      | Reached XP level 10. HP: 55/73 MP: 14/20
  7597 | D:8      | Reached skill level 5 in Fighting
  7597 | D:8      | Reached skill level 5 in Short Blades
  7597 | D:8      | Reached skill level 5 in Long Blades
  7597 | D:8      | Reached skill level 5 in Axes
  7597 | D:8      | Reached skill level 5 in Maces & Flails
  7597 | D:8      | Reached skill level 5 in Polearms
  7597 | D:8      | Reached skill level 5 in Staves
  7597 | D:8      | Reached skill level 5 in Slings
  7597 | D:8      | Reached skill level 5 in Bows
  7597 | D:8      | Reached skill level 5 in Crossbows
  7597 | D:8      | Reached skill level 5 in Throwing
  7597 | D:8      | Reached skill level 5 in Armour
  7597 | D:8      | Reached skill level 5 in Shields
  7597 | D:8      | Reached skill level 5 in Unarmed Combat
  7597 | D:8      | Reached skill level 5 in Evocations
  7882 | D:7      | Found a glowing silver altar of Zin.
  7983 | D:7      | Learned a level 1 spell: Apportation
  9223 | D:9      | Reached **** piety under Cheibriados
  9436 | D:9      | Noticed a two-headed ogre
  9446 | D:9      | Killed a two-headed ogre
  9886 | D:9      | Noticed a two-headed ogre
  9894 | D:9      | Killed a two-headed ogre
  9895 | D:9      | Reached XP level 11. HP: 81/81 MP: 16/22
 10189 | D:10     | Entered Level 10 of the Dungeon
 10209 | D:10     | Noticed Nergalle
 10210 | D:10     | Noticed a manticore
 10215 | D:10     | Reached skill level 5 in Conjurations
 10215 | D:10     | Reached skill level 5 in Hexes
 10215 | D:10     | Reached skill level 5 in Summonings
 10215 | D:10     | Reached skill level 5 in Necromancy
 10215 | D:10     | Reached skill level 5 in Translocations
 10215 | D:10     | Reached skill level 5 in Transmutations
 10215 | D:10     | Reached skill level 5 in Fire Magic
 10215 | D:10     | Reached skill level 5 in Air Magic
 10215 | D:10     | Reached skill level 5 in Earth Magic
 10215 | D:10     | Reached skill level 5 in Poison Magic
 10220 | D:10     | Killed Nergalle
 10220 | D:10     | Reached ***** piety under Cheibriados
 10221 | D:10     | Reached skill level 8 in Spellcasting
 10343 | D:10     | Killed a manticore
 10436 | D:10     | Found a staircase to the Lair.
 11001 | D:11     | Noticed a cyclops
 11011 | D:11     | Killed a cyclops
 11551 | D:11     | Found a staircase to the Orcish Mines.
 11735 | D:12     | Noticed a deep elf pyromancer
 11751 | D:12     | Killed a deep elf pyromancer
 11753 | D:12     | Reached XP level 12. HP: 89/89 MP: 16/24
 11912 | D:12     | Noticed a centaur warrior
 11922 | D:12     | Killed a centaur warrior
 12016 | D:12     | Reached ****** piety under Cheibriados
 12497 | D:12     | Noticed a bunyip
 12533 | D:12     | Killed a bunyip
 12665 | D:12     | Noticed an acid blob
 12665 | D:12     | Noticed a four-headed hydra
 12674 | D:12     | Reached skill level 9 in Spellcasting
 12675 | D:12     | Killed a four-headed hydra
 12739 | D:12     | Noticed a stone giant
 12748 | D:12     | Noticed an alligator
 12748 | D:12     | a stone giant changed into an alligator
 12753 | D:12     | Killed an alligator
 13021 | D:13     | Noticed a centaur warrior
 13024 | D:13     | Killed a centaur warrior
 13050 | D:13     | Noticed a centaur warrior
 13054 | D:13     | Killed a centaur warrior
 13274 | D:13     | Noticed a centaur warrior
 13274 | D:13     | Noticed an eight-headed hydra
 13283 | D:13     | Killed an eight-headed hydra
 13283 | D:13     | Killed a centaur warrior
 13284 | D:13     | Reached XP level 13. HP: 27/98 MP: 15/26
 13286 | D:13     | Noticed a vault guard
 13593 | D:13     | Killed a vault guard
 13711 | D:13     | Found a gate to the Vaults.
 14113 | D:14     | Reached skill level 10 in Ice Magic
 14412 | D:15     | Entered Level 15 of the Dungeon
 14412 | D:15     | Found a runed translucent door.
 14413 | D:15     | Found a shimmering altar of Xom.
 14413 | D:15     | Noticed Paroid's ghost (journeyman PaFi)
 14437 | D:15     | Learned a level 5 spell: Borgnjor's Vile Clutch
 14859 | D:15     | Noticed an emperor scorpion
 14860 | D:15     | Noticed a dire elephant
 14939 | D:14     | Found Irrijulo's Weapon Boutique.
 15053 | Lair:1   | Entered Level 1 of the Lair of Beasts
 15395 | D:3      | Got Sif Muna's Handbook of Weightlessness
 15397 | D:3      | Got Sif Muna's Catalogue of Transformation
 15400 | D:3      | Got Sif Muna's Handbook of Attacks
 15798 | Lair:1   | Reached skill level 10 in Spellcasting
 16577 | Lair:2   | Noticed Harold
 16584 | Lair:2   | Killed Harold
 16703 | Lair:2   | Noticed Erica
 16718 | Lair:2   | Killed Erica
 17061 | Lair:2   | Reached skill level 10 in Dodging
 17061 | Lair:2   | Reached XP level 14. HP: 95/106 MP: 28/28
 17372 | Lair:2   | Found a staircase to the Swamp.
 17416 | Lair:3   | Noticed Fannar
 17424 | Lair:3   | Killed Fannar
 17440 | Lair:3   | Noticed Snorg
 17455 | Lair:3   | Killed Snorg
 17456 | Lair:3   | Reached skill level 10 in Stealth
 17470 | Lair:3   | Noticed Sonja
 17490 | Lair:3   | Killed Sonja
 17516 | Lair:3   | Found a dark tunnel.
 17525 | Volcano  | Entered a volcano
 17565 | Volcano  | Reached skill level 10 in Invocations
 17733 | Lair:3   | Identified the +4 quarterstaff "Mitel" {freeze, Fragile rF+
                  | Str+4}
 17795 | Lair:3   | Noticed Gastronok
 17808 | Lair:3   | Noticed Rupert
 17828 | Lair:3   | Killed Gastronok
 17832 | Lair:3   | Killed Rupert
 18522 | Lair:3   | Identified the +1 leather armour "Qydam" {+Inv rC+ Dex+2
                  | Slay-2}
 19009 | Lair:4   | Found a staircase to the Snake Pit.
 19670 | Lair:5   | Found a staircase to the Slime Pits.
 20419 | Lair:6   | Entered Level 6 of the Lair of Beasts
 20656 | Lair:6   | Noticed Urug
 20668 | Lair:6   | Killed Urug
 20723 | Lair:6   | Reached XP level 15. HP: 97/115 MP: 29/29
 21022 | Lair:6   | Reached skill level 11 in Spellcasting
 21196 | Lair:6   | HP: 2/115 [dire elephant (21)]
 21196 | Lair:6   | Slain by a dire elephant

Illustrated notes

Levels and vault maps discovered:
D:1:      lightli_molten_gateway, layout_basic,
          hellmonk_ecumenical_altar_heavens_door, serial_shops,
          nicolae_shop_overgrown_old_shop
D:2:      layout_basic, lemuel_flame_loot_1
D:3:      layout_loops_ring, nicolae_sif_muna_little_library,
          minmay_stone_trees_small, chequers_serial_rivers_small_b, uniq_grinder
D:4:      layout_loops_ring, minmay_overflow_temple_hex,
          nemelex_diamond_rough_becter, corexii_leaking_fountain,
          chequers_serial_rivers_micro_d
D:5:      layout_basic, nicolae_overflow_hidden_temple, uniq_pikel
D:6:      layout_gridville, mainiacjoe_overflow_alcove_2, temple_pool_b
D:7:      layout_basic, zin_treasury
D:8:      layout_basic, lemuel_mausoleum_altar_yredelemnul,
          ashenzari_conservatory_becter
D:9:      layout_loops_corners
D:10:     layout_rooms, erik_lair_orcish_takeover, hex_medium,
          hangedman_corner_corridor, uniq_nergalle
D:11:     layout_roguey [special_room_kobold], hiddenorc1_lemuel,
          serial_park_tiny_1
D:12:     minmay_inside_and_out, layout_cave_pools, st_stairs_4, minivault_21
D:13:     layout_cave_pools, david_vaults_5
D:14:     layout_long_grid, serial_shops, nicolae_shop_waterfront,
          minmay_fractal_squares_diagonal_5
D:15:     hangedman_depths_entry_try_elsewhere_first, layout_irregular_city,
          minmay_misc_feat_secret_circle, ebering_ghost_xom, uniq_josephine
Lair:1:   layout_small_grid, serial_bayou_shore_a
Lair:2:   layout_chaotic_city, palyth_hydra_swamp_entry,
          amcnicky_mini_pool_medium, lemuel_fruit_fields, uniq_erica,
          uniq_harold
Lair:3:   layout_misc_corridors, nicolae_volcano_entry_hallway,
          grunt_megastairs_1, uniq_rupert, uniq_sonja, uniq_gastronok,
          uniq_snorg, uniq_fannar
Lair:4:   layout_hall_layers, dummy_snake_entry, serial_bayou_pond_a,
          minmay_lair_drake_nest
Lair:5:   beast_lair_carwin_large_3, layout_layer_cave, slime_dummy,
          grunt_forest_small_clearing_treed, lemuel_fruit_tree
Lair:6:   due_jungle_book, layout_cave_pods, st_stairs_7, uniq_urug

Skill      XL: |  1  2  3  4  5  6  7  8  9 10 11 12 13 14 15 |
---------------+----------------------------------------------+-----
Spellcasting   | 5 6 7 8 9 10 11 | 11.0
Invocations    | 1 2 3 4 5 6 7 8 9 10 | 10.7
Fighting       | 1 2 3 4 5 6 7 8 9 |  9.8
Short Blades   | 1 2 3 4 5 6 7 8 9 |  9.8
Long Blades    | 1 2 3 4 5 6 7 8 9 |  9.8
Axes           | 1 2 3 4 5 6 7 8 9 |  9.8
Maces & Flails | 1 2 3 4 5 6 7 8 9 |  9.8
Polearms       | 1 2 3 4 5 6 7 8 9 |  9.8
Staves         | 1 2 3 4 5 6 7 8 9 |  9.8
Slings         | 1 2 3 4 5 6 7 8 9 |  9.8
Bows           | 1 2 3 4 5 6 7 8 9 |  9.8
Crossbows      | 1 2 3 4 5 6 7 8 9 |  9.8
Throwing       | 1 2 3 4 5 6 7 8 9 |  9.8
Armour         | 1 2 3 4 5 6 7 8 9 |  9.8
Shields        | 1 2 3 4 5 6 7 8 9 |  9.8
Unarmed Combat | 1 2 3 4 5 6 7 8 9 |  9.8
Evocations     | 1 2 3 4 5 6 7 8 9 |  9.8
Conjurations   | 1 2 3 4 5 6 7 8 |  8.2
Hexes          | 1 2 3 4 5 6 7 8 |  8.2
Summonings     | 1 2 3 4 5 6 7 8 |  8.2
Necromancy     | 1 2 3 4 5 6 7 8 |  8.2
Translocations | 1 2 3 4 5 6 7 8 |  8.2
Transmutations | 1 2 3 4 5 6 7 8 |  8.2
Fire Magic     | 1 2 3 4 5 6 7 8 |  8.2
Air Magic      | 1 2 3 4 5 6 7 8 |  8.2
Earth Magic    | 1 2 3 4 5 6 7 8 |  8.2
Poison Magic   | 1 2 3 4 5 6 7 8 |  8.2
Dodging        | 5 6 7 8 9 10 | 10.8
Stealth        | 5 6 7 8 9 10 | 10.7
Ice Magic      | 8 9 10 | 10.9

Action                   |  1- 3 |  4- 6 |  7- 9 | 10-12 | 13-15 || total
-------------------------+-------+-------+-------+-------+-------++-------
Melee: Unarmed           |    24 |       |       |       |       ||    24
       Bite              |     7 |     6 |    21 |    56 |   106 ||   196
       Mace              |    68 |    42 |       |       |       ||   110
       Flail             |       |    52 |   185 |   364 |   621 ||  1222
       Punch             |       |     1 |     7 |    21 |    57 ||    86
Throw: Dart              |       |       |       |       |    22 ||    22
 Cast: Freeze            |    29 |     7 |       |       |       ||    36
       Ozocubu's Armour  |       |     1 |     6 |    22 |    22 ||    51
       Frozen Ramparts   |       |     1 |     8 |    27 |    15 ||    51
       Borgnjor's Vile C |       |       |       |       |    16 ||    16
Invok: Temporal Distorti |       |       |       |     2 |       ||     2
       Slouch            |       |       |       |     3 |     5 ||     8
Evoke: Wand              |       |       |       |     3 |    10 ||    13
       Condenser vane    |       |       |       |       |     1 ||     1
  Use: Potion            |     1 |     1 |       |       |     1 ||     3
       Scroll            |       |    10 |       |    18 |     7 ||    35
 Stab: Sleeping          |     5 |     5 |     5 |    16 |    21 ||    52
       Distracted        |       |       |       |     3 |     2 ||     5
Armor: Robe              |    51 |    10 |       |       |       ||    61
       Ring mail         |       |    10 |    60 |       |       ||    70
       Skin              |       |     4 |       |       |       ||     4
       Troll leather arm |       |       |    11 |    91 |   202 ||   304
Dodge: Dodged            |   128 |    62 |   144 |   355 |   867 ||  1556
Block: Other             |       |    30 |    68 |    89 |   192 ||   379
       Reflection        |       |       |       |     9 |     3 ||    12

Table legend: (Time is in decaauts)
 A = Elapsed time spent in this place.
 B = Non-inter-level travel time spent in this place.
 C = Inter-level travel time spent in this place.
 D = Time resting spent in this place.
 E = Time spent auto-exploring this place.
 F = Levels seen in this place.
 G = Mean time per level.
                   A        B        C        D        E       F      G
               +--------+--------+--------+--------+--------+-----+--------+
         Total |  30999 |  28136 |   2863 |    122 |  23531 |  22 | 1409.0 |
       Dungeon |  21102 |  18773 |   2329 |     35 |  15761 |  15 | 1406.8 |
          Lair |   9665 |   9131 |    534 |     74 |   7743 |   6 | 1610.8 |
       Volcano |    232 |    232 |      0 |     13 |     26 |   1 |  232.0 |
               +--------+--------+--------+--------+--------+-----+--------+

Top non-repeatable levels by time:
    D:12: 2065 daAuts
  Lair:5: 1831 daAuts
  Lair:3: 1817 daAuts
     D:9: 1774 daAuts
     D:1: 1736 daAuts
  Lair:2: 1611 daAuts
    D:11: 1599 daAuts
     D:5: 1579 daAuts
  Lair:1: 1551 daAuts
     D:8: 1533 daAuts
  Lair:4: 1478 daAuts
     D:2: 1385 daAuts
  Lair:6: 1374 daAuts
     D:7: 1363 daAuts
     D:4: 1341 daAuts
